 Dungeon Crawl Stone Soup version 0.29-a0-813-g4a14ea37d6 (webtiles) character file.

Game seed: 14357876359690806783

11226 zeratav the Marksspriggan (level 11, -12/49 HPs)
             Began as a Spriggan Hunter on July 4, 2022.
             Was an Elder of Dithmenos.
             Mangled by a two-headed ogre
             ... wielding a +0 giant spiked club
              (41 damage)
             ... while paralysed by a floating eye
             ... on level 11 of the Dungeon on July 5, 2022.
             The game lasted 00:29:20 (12952 turns).

zeratav the Marksspriggan (Spriggan Hunter)        Turns: 12952, Time: 00:29:21

Health: -12/49     AC:  7    Str:  7    XL:     11   Next: 46%
Magic:  12/12      EV:  4    Int: 12    God:    Dithmenos [****..]
Gold:   580        SH:  0    Dex: 22    Spells: 7/10 levels left

rFire   + . .      SeeInvis +   B - +1 arbalest (venom) {crossbow}
rCold   . . .      Faith    .   (shield currently unavailable)
rNeg    . . .      Spirit   .   I - +3 troll leather armour
rPois   .          Reflect  .   (helmet restricted)
rElec   .          Harm     .   (no cloak)
rCorr   +          Rampage  .   (gloves unavailable)
Will    +....                   (boots unavailable)
Stlth   ++++......              (no amulet)
HPRegen 0.96/turn               p - ring of protection from fire
MPRegen 0.13/turn               r - ring of resist corrosion

@: paralysed, wreathed by umbra, very quick
A: very small, no large weapons, unfitting armour, see invisible, speed 3
a: Renounce Religion, Shadow Step


You were on level 11 of the Dungeon.
You worshipped Dithmenos.
Dithmenos was greatly pleased with you.
You visited 1 branch of the dungeon, and saw 11 of its levels.

You collected 580 gold pieces.


Innate Abilities, Weirdness & Mutations

You are very small and have problems with some larger weapons.
You are too small for most types of armour.
You have supernaturally acute eyesight. (SInv)
You cover ground extremely quickly. (Speed+++)


   Skills:
 - Level 1.5 Fighting
 - Level 18.0 Ranged Weapons
 + Level 2.8 Dodging
 - Level 5.0 Stealth


You had 7 spell levels left.
You knew the following spells:

 Your Spells              Type           Power      Damage    Failure   Level
a - Portal Projectile     Hex/Tloc       0%         N/A       83%         3

Your spell library contained the following spells:

 Spells                   Type           Power      Damage    Failure   Level
 Apportation              Tloc           0%         N/A       45%         1
 Necrotise                Necr           0%         1d4       45%         1
 Summon Small Mammal      Summ           0%         N/A       45%         1
 Confusing Touch          Hex            0%         N/A       83%         3
 Gell's Gravitas          Tloc           0%         N/A       83%         3
 Lesser Beckoning         Tloc           0%         N/A       83%         3
 Teleport Other           Tloc           0%         N/A       83%         3
 Tukima's Dance           Hex            0%         N/A       83%         3
 Blade Hands              Tmut           0%         N/A       100%        5
 Yara's Violent Unravell  Hex/Tmut       0%         3d3       100%        5
 Enfeeble                 Hex            0%         N/A       100%        7

Inventory:

Hand Weapons
 v - the +4 sling of Tyihat {freeze, rElec rN+ Str+6 Stlth-}
   (You found it on level 7 of the Dungeon)

   Any ammunition fired from it freezes those it strikes, dealing additional
   cold damage.
   It can also slow down cold-blooded creatures.
   Str:       It affects your strength (+6).
   rElec:     It insulates you from electricity.
   rN:        It protects you from negative energy.
   Stlth:     It makes you less stealthy.
 B - a +1 arbalest of venom (weapon) {crossbow}
   (You found it on level 6 of the Dungeon)
 E - a +3 dagger {short}
   (You took it off a wight on level 8 of the Dungeon)
Missiles
 o - 19 poisoned darts {throwing}
Armour
 c - a +1 robe of cold resistance
   (You took it off an orc wizard on level 9 of the Dungeon)
 I - a +3 troll leather armour (worn)
   (You found it on level 9 of the Dungeon)
Jewellery
 a - a +6 ring of strength
   (You found it on level 8 of the Dungeon)
 p - a ring of protection from fire (left hand)
   (You found it on level 2 of the Dungeon)
 r - a ring of resist corrosion (right hand)
   (You found it on level 7 of the Dungeon)
Wands
 w - a wand of polymorph (6)
   (You found it on level 4 of the Dungeon)
 y - a wand of flame (20)
   (You found it on level 5 of the Dungeon)
 A - a wand of quicksilver (6)
   (You found it on level 6 of the Dungeon)
 C - a wand of iceblast (6)
   (You found it on level 8 of the Dungeon)
 H - a wand of paralysis (4)
   (You found it on level 11 of the Dungeon)
Scrolls
 b - 2 scrolls of immolation {!r!r}
 g - 4 scrolls of magic mapping {!r}
 i - a scroll of fear
 j - a scroll of fog
 k - a scroll of identify {@r1}
 m - 2 scrolls of summoning {unknown}
 s - 2 scrolls of silence {!r}
 F - 2 scrolls of teleportation {@r4}
Potions
 d - 2 potions of berserk rage {unknown}
 e - a potion of ambrosia {unknown}
 f - a potion of resistance {unknown}
 h - a potion of haste {@q3}
 l - a potion of attraction {unknown}
 n - 5 potions of curing {unknown}
 q - 2 potions of mutation {unknown}
 t - a potion of invisibility {unknown}
 u - 3 potions of lignification {unknown}
 x - 4 potions of might {unknown}
 z - 6 potions of flight {unknown}
 D - a potion of heal wounds {unknown}
 G - a potion of degeneration {unknown}

Dungeon Overview and Level Annotations

Branches:
Dungeon (11/15) Zot: 26757  Temple (0/1) D:7            Lair (0/6) D:9
    Orc: D:9-12

Altars:
Dithmenos
Gozag
Hepliaklqana
Kikubaaqudgha
Makhleb
Ru
Vehumet
Wu Jian
The Shining One

Shops:
D:3 [   D:10 *

Annotations:
D:7 4 runed translucent doors
D:10 3 runed translucent doors, exclusion: obsidian statue, delverdan's ghost, journeyman DsGl

#.......^ #........ #.
#........ #. #........
#. #........ #.
#........
#.########........
#.........@.......
#..O......O.......
#######.c#######V.......
...>.....# #........
.........# #...J....
........O# #.....G..
.........# #........
...c.....# #........
..O......# #..........#


You could see a slime creature, 2 two-headed ogres, a vampire and a floating
eye.


Message History

HP[-5]
You take 5 damage, and now have 15/49 hp.
Fire: B) +1 arbalest (venom) {crossbow}
Press: ? - help, Q - select action, (/) - cycle Shift-Dir - straight line, f/p - wraith
Aim: a wraith (almost destroyed, umbra, 68% to hit)
You shoot a bolt. The bolt hits the wraith!
You destroy the wraith!
Dithmenos accepts your kill.
HP[+1]
You start resting.
HP[+33]
Your hp is fully restored (49).
You start waiting.
You feel yourself speed up.
There is a stone staircase leading down here.
You climb downwards.
There is a stone staircase leading up here.
Fire: B) +1 arbalest (venom) {crossbow}
Press: ? - help, Q - select action, (/) - cycle Shift-Dir - straight line, f - two-headed ogre
Aim: a two-headed ogre, wielding two +0 giant spiked clubs (wandering, hasn't noticed you, umbra, 80% to hit)
You shoot a bolt. The centaur shouts!
The two-headed ogre shouts in stereo!
The bolt hits the two-headed ogre!!
The two-headed ogre looks as sick as possible!
Your shadow shoots a bolt.
The bolt barely misses the two-headed ogre.
The centaur wields a +0 shortbow.
The centaur shoots an arrow.
The arrow hits you.
HP[-5]
You take 5 damage, and now have 44/49 hp.
Fire: B) +1 arbalest (venom) {crossbow}
Press: ? - help, Q - select action, (/) - cycle Shift-Dir - straight line, f/p - two-headed ogre
Aim: a two-headed ogre, wielding two +0 giant spiked clubs (moderately wounded, extremely poisoned, umbra, 80% to hit)
You shoot a bolt. The bolt hits the two-headed ogre.
Your shadow shoots a bolt.
The bolt hits the two-headed ogre.
HP[+1] Fire: B) +1 arbalest (venom) {crossbow}
Press: ? - help, Q - select action, (/) - cycle Shift-Dir - straight line, f/p - two-headed ogre
Aim: a two-headed ogre, wielding two +0 giant spiked clubs (heavily wounded, extremely poisoned, umbra, 80% to hit)
You shoot a bolt.
The bolt barely misses the two-headed ogre.
A floating eye comes into view.
HP[+1]
The centaur shoots an arrow.
The arrow barely misses you.
You hear two shouts!
HP[+1]
The centaur shoots an arrow.
The arrow closely misses you.
HP[+1] HP[+1]
Your hp is fully restored (49).
The centaur shoots an arrow.
The arrow hits you.
HP[-6]
You take 6 damage, and now have 43/49 hp.
HP[+1]
The centaur shoots an arrow.
The arrow closely misses you.
A two-headed ogre comes into view. It is wielding two +0 giant clubs.
HP[+1]
The centaur shoots an arrow.
The arrow hits you!
HP[-11]
You take 11 damage, and now have 34/49 hp.
MASSIVE DAMAGE!! (PAUSE) HP[+1] HP[+1] Fire: B) +1 arbalest (venom) {crossbow}
Press: ? - help, Q - select action, (/) - cycle Shift-Dir - straight line, f/p - two-headed ogre
Aim: a two-headed ogre, wielding two +0 giant spiked clubs (severely wounded, very poisoned, 80% to hit)
You shoot a bolt.
The bolt hits the two-headed ogre but does no damage.
The two-headed ogre looks as sick as possible!
The centaur shoots an arrow.
The arrow barely misses you.
HP[+1] HP[+1] HP[+1] Fire: B) +1 arbalest (venom) {crossbow}
Press: ? - help, Q - select action, (/) - cycle Shift-Dir - straight line, f/p - two-headed ogre
Aim: a two-headed ogre, wielding two +0 giant spiked clubs (almost dead, extremely poisoned, 80% to hit)
You shoot a bolt. The bolt hits the two-headed ogre!!
You kill the two-headed ogre!
Dithmenos accepts your kill.
You hear two shouts!
Training target 18.0 for Ranged Weapons reached!
Your Ranged Weapons skill increases to level 18!
You need to enable at least one skill for training.
HP[+1] HP[+1]
A two-headed ogre comes into view.
It is wielding two +0 giant spiked clubs.
The centaur shoots an arrow.
The arrow hits you!
HP[-12]
You take 12 damage, and now have 29/49 hp.
MASSIVE DAMAGE!! (PAUSE)
The floating eye gazes piercingly through you!
You suddenly lose the ability to move!
The vampire zaps a wand.
You resist with almost no effort.
The centaur shoots an arrow.
The arrow barely misses you.
The centaur shoots an arrow.
The arrow hits you.
The two-headed ogre hits you with a +0 giant spiked club!!!
Ouch! That really hurt!
You die...

Skill      XL: |  1  2  3  4  5  6  7  8  9 10 11 |
---------------+----------------------------------+-----
Ranged Weapons | 5 6 7 8 10 12 14 16 18 | 18.0
Stealth        | 3 5 |  5.0
Fighting       | |  1.5
Dodging        | |  2.8

Action                   |  1- 3 |  4- 6 |  7- 9 | 10-12 || total
-------------------------+-------+-------+-------+-------++-------
 Fire: Shortbow          |   107 |   161 |    82 |       ||   350
       Arbalest          |       |       |   233 |   260 ||   493
       Sling             |       |       |    12 |     8 ||    20
Evoke: Wand              |       |       |       |     1 ||     1
  Use: Scroll            |       |       |     8 |     6 ||    14
       Potion            |       |       |     1 |     1 ||     2
Armor: Robe              |     8 |     3 |     5 |     1 ||    17
       Troll leather arm |       |       |       |    12 ||    12
Dodge: Dodged            |    42 |    40 |   103 |   100 ||   285

Levels and vault maps discovered:
D:1:      saegor_arrival_under_anarchy, layout_basic,
          hellmonk_ecumenical_altar_heavens_door
D:2:      layout_basic, chequers_avenue
D:3:      layout_basic, serial_shops, nicolae_square_shop
D:4:      layout_basic, lemuel_tele_altar, grunt_temple_overflow_diamond,
          serial_rivers, chequers_serial_rivers_micro_c,
          chequers_serial_rivers_room_b, chequers_serial_rivers_marsh,
          chequers_serial_rivers_large_a, minivault_5
D:5:      layout_basic, kennysheep_mini, nzn_hepliaklqana_mist_gate
D:6:      layout_rooms, lemuel_round_altar, nicolae_zen_rock_garden,
          uniq_sigmund, uniq_maggie
D:7:      layout_cave_pods, minmay_temple_entry_enclosed_plants,
          minmay_hollow_rounded_squares, uniq_joseph
D:8:      layout_basic, chequers_serial_rivers_micro_a
D:9:      layout_basic, erik_lair_orcish_takeover, chequers_mini_garden
D:10:     layout_cave_pools, lemuel_round_altar, ebering_ghost_gozag,
          dk_rats_in_the_wall
D:11:     layout_long_grid, orc_0_dummy, onia_ninara_cookie

Notes
Turn   | Place    | Note
-------+----------+-------------------------------------------
     0 | D:1      | zeratav the Spriggan Hunter began the quest for the Orb.
     0 | D:1      | Reached XP level 1. HP: 10/10 MP: 2/2
     0 | D:1      | magus.rc [v1.9.6]
   110 | D:1      | Reached XP level 2. HP: 14/14 MP: 3/3
   381 | D:1      | Found a faded altar of an unknown god.
   448 | D:1      | Reached skill level 5 in Ranged Weapons
   469 | D:1      | Reached XP level 3. HP: 18/18 MP: 4/4
   491 | D:1      | You pick up a book of Weapons and begin reading...
   491 | D:1      | You add the spells Tukima's Dance, Portal Projectile and
                  | Blade Hands to your library.
   743 | D:1      | HP: 4/18 [poisoned by an adder]
  1804 | D:2      | Reached XP level 4. HP: 22/22 MP: 5/5
  2169 | D:3      | HP: 5/22 [poisoned by an adder]
  2450 | D:3      | Identified the +0 scale mail of the Curious Leylines {rC+
                  | Will+ Int+2 Dex+3}
  2482 | D:3      | Found Gauc's Armour Shop.
  2533 | D:3      | Reached skill level 6 in Ranged Weapons
  2617 | D:3      | Noticed a necrophage
  2653 | D:3      | Killed a necrophage
  2654 | D:3      | Reached XP level 5. HP: 25/25 MP: 6/6
  3126 | D:4      | Reached skill level 7 in Ranged Weapons
  3232 | D:4      | Noticed an ogre
  3236 | D:4      | Killed an ogre
  3237 | D:4      | Reached XP level 6. HP: 30/30 MP: 7/7
  3461 | D:4      | Found a sacrificial altar of Ru.
  3465 | D:4      | Found a radiant altar of Vehumet.
  3473 | D:4      | Found an ancient bone altar of Kikubaaqudgha.
  3835 | D:4      | Reached skill level 8 in Ranged Weapons
  3965 | D:4      | Found a glowing golden altar of the Shining One.
  3985 | D:5      | Entered Level 5 of the Dungeon
  4183 | D:5      | Reached XP level 7. HP: 29/33 MP: 8/8
  4347 | D:5      | Found a shadowy altar of Dithmenos.
  4403 | D:5      | Reached skill level 9 in Ranged Weapons
  4467 | D:5      | Became a worshipper of Dithmenos the Shadowed
  4623 | D:5      | Reached skill level 10 in Ranged Weapons
  4624 | D:5      | Reached skill level 2 in Stealth
  4814 | D:5      | Found a hazy altar of Hepliaklqana.
  4981 | D:5      | You pick up a book of Misfortune and begin reading...
  4981 | D:5      | You add the spells Confusing Touch, Yara's Violent
                  | Unravelling and Enfeeble to your library.
  5034 | D:5      | Reached skill level 3 in Stealth
  5088 | D:6      | Reached XP level 8. HP: 22/37 MP: 9/9
  5266 | D:6      | Reached skill level 4 in Stealth
  5361 | D:6      | Reached skill level 5 in Stealth
  5372 | D:6      | Found a burning altar of Makhleb.
  5372 | D:6      | Noticed Maggie
  5629 | D:6      | Reached * piety under Dithmenos
  5641 | D:6      | Noticed Sigmund
  5960 | D:6      | Reached skill level 11 in Ranged Weapons
  6179 | D:6      | HP: 9/37 [Sigmund/puff of flame (5)]
  6425 | D:6      | Killed Sigmund
  6946 | D:6      | Killed Maggie
  6947 | D:6      | Reached skill level 12 in Ranged Weapons
  6947 | D:6      | Reached XP level 9. HP: 28/41 MP: 10/10
  7335 | D:7      | You pick up a book of Cantrips and begin reading...
  7335 | D:7      | You add the spells Necrotise, Summon Small Mammal and
                  | Apportation to your library.
  7466 | D:7      | Noticed Joseph
  7471 | D:7      | Killed Joseph
  7607 | D:7      | Reached skill level 13 in Ranged Weapons
  8009 | D:7      | Identified the +4 sling of Tyihat {freeze, rElec rN+ Str+6
                  | Stlth-}
  8317 | D:7      | Found a large runed translucent door.
  8317 | D:7      | Found a large runed translucent door.
  8324 | D:7      | Noticed a gargoyle
  8325 | D:7      | Noticed a cyclops
  8349 | D:7      | Found a large runed translucent door.
  8349 | D:7      | Found a large runed translucent door.
  8439 | D:7      | Reached skill level 14 in Ranged Weapons
  8895 | D:7      | HP: 5/41 [vampire mosquito (9)]
  9222 | D:7      | You pick up a book of Displacement and begin reading...
  9222 | D:7      | You add the spells Lesser Beckoning, Gell's Gravitas and
                  | Teleport Other to your library.
  9322 | D:7      | Found a staircase to the Ecumenical Temple.
  9588 | D:7      | Reached XP level 10. HP: 23/46 MP: 11/11
  9742 | D:7      | Learned a level 3 spell: Portal Projectile
  9799 | D:8      | Identified the +0 leather armour "Qysefex" {Int+4 Dex+4
                  | Slay+2}
  9866 | D:8      | Reached ** piety under Dithmenos
 10172 | D:8      | Reached skill level 15 in Ranged Weapons
 10976 | D:9      | Found a staircase to the Lair.
 11214 | D:9      | Reached skill level 16 in Ranged Weapons
 11571 | D:9      | Reached *** piety under Dithmenos
 11830 | D:10     | Entered Level 10 of the Dungeon
 11830 | D:10     | Found a runed translucent gate.
 11830 | D:10     | Found a runed translucent gate.
 11853 | D:10     | Reached XP level 11. HP: 35/49 MP: 12/12
 11860 | D:10     | Found a runed translucent gate.
 11873 | D:10     | Found an opulent altar of Gozag.
 11873 | D:10     | Found Xeakkuawi's Assorted Antiques.
 11873 | D:10     | Noticed a five-headed hydra
 11874 | D:10     | Noticed an obsidian statue
 11875 | D:10     | Noticed a centaur warrior
 11876 | D:10     | Noticed delverdan's ghost (journeyman DsGl)
 12010 | D:10     | HP: 9/49 [vampire mosquito (6)]
 12025 | D:10     | Reached skill level 17 in Ranged Weapons
 12092 | D:10     | Found an ornate altar of the Wu Jian Council.
 12514 | D:10     | Reached **** piety under Dithmenos
 12676 | D:11     | Noticed a boulder beetle
 12788 | D:11     | Killed a boulder beetle
 12827 | D:11     | Noticed a two-headed ogre
 12837 | D:11     | Paralysed by a floating eye for 2 turns
 12853 | D:11     | Paralysed by a floating eye for 2 turns
 12895 | D:10     | Killed a five-headed hydra
 12927 | D:11     | Noticed a two-headed ogre
 12938 | D:11     | Noticed a two-headed ogre
 12947 | D:11     | Killed a two-headed ogre
 12948 | D:11     | Reached skill level 18 in Ranged Weapons
 12949 | D:11     | Noticed a two-headed ogre
 12950 | D:11     | Paralysed by a floating eye for 3 turns
 12952 | D:11     | Mangled by a two-headed ogre

Vanquished Creatures
  A boulder beetle (D:11)
  A two-headed ogre (D:11)
  Joseph (D:7)
  An unseen horror (D:11)
  Maggie (D:6)
  A komodo dragon (D:11)
  A kobold demonologist (D:9)
  A troll (D:9)
  A slime creature (D:7)
  Sigmund (D:6)
  2 wyverns
  2 wraiths
  16 yaks
  4 vampire mosquitoes
  2 wargs (D:9)
  4 water moccasins
  4 orc warriors
  3 ice beasts
  2 sky beasts (D:7)
  3 black bears
  3 centaurs
  3 ogres
  A kobold brigand (D:5)
  A phantom (D:7)
  A bullfrog (D:8)
  2 scorpions
  2 necrophages
  7 wights
  6 killer bees (D:10)
  3 howler monkeys
  2 electric eels (D:8)
  3 hounds
  2 gnoll boudas
  6 orc priests
  3 iguanas
  14 orc wizards
  10 gnolls
  13 adders
  8 river rats (D:10)
  A shadow imp (D:7)
  2 white imps (D:7)
  3 ufetubi
  A worm (D:3)
  A dart slug (D:3)
  36 orcs
  7 ball pythons
  7 bats
  5 endoplasms
  A giant cockroach (D:1)
  13 goblins
  9 hobgoblins
  2 jackals (D:4)
  9 kobolds
  3 quokkas
  A frilled lizard (D:2)
  21 rats
264 creatures vanquished.

Vanquished Creatures (others)
  A hydra (D:10)
  An orc priest (D:10)
  4 plants (D:6)
6 creatures vanquished.

Grand Total: 270 creatures vanquished

Table legend:
 A = Non-vault XP
 B = Vault XP
 C = Vault XP percentage of total XP
 D = Non-vault monster count
 E = Vault monster count
 F = Vault count percentage of total count
                 A         B        C        D         E       F
            +---------+---------+-------+---------+---------+-------
      Total |   10650 |    5388 |  33.6 |     220 |      44 |  16.7
            +---------+---------+-------+---------+---------+-------
        D:1 |      55 |       0 |   0.0 |      26 |       0 |   0.0
        D:2 |      45 |       0 |   0.0 |      15 |       0 |   0.0
        D:3 |     163 |       0 |   0.0 |      18 |       0 |   0.0
        D:4 |     324 |       0 |   0.0 |      29 |       0 |   0.0
        D:5 |     865 |       0 |   0.0 |      18 |       0 |   0.0
        D:6 |     842 |     607 |  41.9 |      21 |       2 |   8.7
        D:7 |    1707 |    1401 |  45.1 |      33 |       8 |  19.5
        D:8 |    1266 |     129 |   9.2 |      21 |       1 |   4.5
        D:9 |    2723 |     459 |  14.4 |      21 |       7 |  25.0
       D:10 |    2455 |     337 |  12.1 |      17 |      22 |  56.4
       D:11 |     205 |    2455 |  92.3 |       1 |       4 |  80.0
            +---------+---------+-------+---------+---------+-------

Illustrated notes

Table legend:
 A = Kills in this place as a percentage of kills in entire the game.
 B = Kills by you in this place as a percentage of kills by you in the entire game.
 C = Kills by friends in this place as a percentage of kills by friends in the entire game.
 D = Other kills in this place as a percentage of other kills in the entire game.
 E = Experience gained in this place as a percentage of experience gained in the entire game.
 F = Experience gained in this place divided by the number of levels of this place that you have seen.
                   A       B       C       D       E      F
               +-------+-------+-------+-------+-------+----------------------
         Total | 100.0 | 100.0 |   N/A |   N/A | 100.0 | 1458.0
       Dungeon | 100.0 | 100.0 |   N/A |   N/A | 100.0 | 1458.0
               +-------+-------+-------+-------+-------+----------------------

Table legend: (Time is in decaauts)
 A = Elapsed time spent in this place.
 B = Non-inter-level travel time spent in this place.
 C = Inter-level travel time spent in this place.
 D = Time resting spent in this place.
 E = Time spent auto-exploring this place.
 F = Levels seen in this place.
 G = Mean time per level.
                   A        B        C        D        E       F      G
               +--------+--------+--------+--------+--------+-----+--------+
         Total |   9816 |   9371 |    445 |   2706 |   4754 |  11 |  892.4 |
       Dungeon |   9816 |   9371 |    445 |   2706 |   4754 |  11 |  892.4 |
               +--------+--------+--------+--------+--------+-----+--------+

Top non-repeatable levels by time:
     D:7: 1925 daAuts
     D:5: 1407 daAuts
     D:6: 1294 daAuts
     D:8: 866 daAuts
     D:1: 786 daAuts
     D:4: 707 daAuts
     D:2: 693 daAuts
     D:3: 680 daAuts
     D:9: 665 daAuts
    D:10: 637 daAuts
    D:11: 153 daAuts
